 Dungeon Crawl Stone Soup version 0.27-a0-920-gb2bd10914a (webtiles) character file.

Game seed: 6565500868851949758

73 dickylongcocking the Magician (level 4, -2/34 HPs)
             Began as a Djinni Conjurer on Apr 10, 2021.
             Slain by Natasha (3 damage)
             ... on level 3 of the Dungeon.
             The game lasted 00:02:00 (2937 turns).

dickylongcocking the Magician (Djinni Conjurer)     Turns: 2937, Time: 00:02:02

Health: -2/34      AC:  2    Str:  6    XL:     4   Next: 27%
Gold:   73         EV: 12    Int: 20    God:
                   SH:  0    Dex: 12

rFire    + + .     SeeInvis .   c - +0 short sword
rCold    x . .     Faith    .   (no shield)
rNeg     . . .     Spirit   .   a - +0 robe
rPois    ∞         Reflect  .   (no helmet)
rElec    .         Harm     .   (no cloak)
rCorr    .         Rampage  .   (no gloves)
Will     .....                  (boots unavailable)
Stlth    ++........             (no amulet)
HPRegen  0.11/turn              (no ring)
MPRegen  0.00/turn              (no ring)

@: flying
A: fire resistance 2, cold vulnerability 1, float, innate caster, hp casting,
extra vitality 1
a: no special abilities


You were on level 3 of the Dungeon.
You visited 1 branch of the dungeon, and saw 3 of its levels.

You collected 73 gold pieces.

Inventory:

Hand Weapons
 c - a +0 short sword (weapon)
Armour
 a - a +0 robe (worn)
Scrolls
 b - a scroll of noise {unknown}
 e - a scroll of summoning {unknown}
 f - a scroll of identify {unknown}
 h - 2 scrolls of teleportation {unknown}
 i - a scroll of fear {unknown}
Potions
 d - a potion of flight


   Skills:
 * Level 2.3 Fighting
 - Level 2.1 Dodging
 - Level 1.5 Stealth
 * Level 4.4 Spellcasting


You couldn't memorise any spells.
You knew the following spells:

 Your Spells              Type           Power      Damage    Failure   Level
a - Magic Dart            Conj           88%        1d7       1%          1
b - Searing Ray           Conj           44%        3d4       3%          2
c - Dazzling Flash        Conj/Hex       44%        N/A       6%          3
d - Fulminant Prism       Conj/Hex       11%        3d9       21%         4
e - Iskenderun's Mystic   Conj/Tloc      22%        2d6       21%         4
f - Freeze                Ice            88%        1d10      1%          1
Your spell library was empty.

Dungeon Overview and Level Annotations

Branches:
Dungeon (3/15)

Altars:
Vehumet

Shops:
D:2 [

Annotations:
D:3 Natasha


Innate Abilities, Weirdness & Mutations

You are immune to poison.
Your flesh is very heat resistant. (rF++)
You are vulnerable to cold. (rC-)
You float through the air rather than walking.
You learn spells naturally, not from books.
Your magical power is your life essence.
You have superior vitality. (+4 HP)


Message History

Unknown command.
Unknown command.
The searing ray hits Natasha!
Natasha is heavily wounded.
Natasha claws you!
* * * LOW HITPOINT WARNING * * *
The rat closely misses you. Natasha misses you.
Unknown command.
Unknown command.
Unknown command.
It was a potion of curing.
You feel better. The rat barely misses you. Natasha closely misses you.
The rat barely misses you.
You feel better. Natasha casts a spell at you. The magic dart hits you!
The rat bites you.
Natasha mumbles some strange words.
It was a potion of flight.
You feel more buoyant. The rat barely misses you. Natasha claws you.
* * * LOW HITPOINT WARNING * * *
The rat barely misses you.
You feel better. Natasha barely misses you. The shadow imp gestures at you.
Pain shoots through your body!
* * * LOW HITPOINT WARNING * * *
The rat bites you.
* * * LOW HITPOINT WARNING * * *
Natasha claws you.
* * * LOW HITPOINT WARNING * * *
The shadow imp closely misses you.
Unknown command.
Unknown command.
It was a potion of cancellation.
Your magical effects are unravelling.
You feel magically purged.
You feel yourself speed up. The rat bites you.
* * * LOW HITPOINT WARNING * * *
Natasha claws you.
You die...

......<#. ......... ..
........#####..
..............:.
..........(.....
....#.......<..## ...
......rh........# #...
...##.5@.......!......
..............†.#...#
................#..#
..#...#...........# .
##.###..........#
..#...#...........#
...._.............#
..#...#...........##
.###.###.#.........##


You could see Natasha, a shadow imp (summoned) and a rat.

Vanquished Creatures
  An adder (D:2)
  A worm (D:2)
  3 dart slugs
  4 ball pythons
  6 endoplasms
  2 giant cockroaches
  7 goblins
  5 hobgoblins
  7 jackals (D:2)
  A quokka (D:1)
  A bat (D:1)
  A frilled lizard (D:2)
  5 kobolds
  4 rats
48 creatures vanquished.

Notes
Turn   | Place    | Note
-------+----------+-------------------------------------------
     0 | D:1      | dickylongcocking the Djinni Conjurer began the quest for
                  | the Orb.
     0 | D:1      | Reached XP level 1. HP: 15/15 MP: 0/0
   254 | D:1      | Reached XP level 2. HP: 18/22 MP: 0/0
   571 | D:1      | Reached skill level 1 in Fighting
   635 | D:1      | Reached skill level 4 in Spellcasting
  1284 | D:1      | Reached XP level 3. HP: 26/27 MP: 0/0
  1284 | D:1      | Learned a level 1 spell: Freeze
  2191 | D:2      | Reached XP level 4. HP: 23/33 MP: 0/0
  2282 | D:2      | Found a faded altar of an unknown god.
  2309 | D:2      | Found Wemue's Antique Armour Emporium.
  2925 | D:3      | Noticed Natasha
  2937 | D:3      | HP: 1/34 [rat (1)]
  2937 | D:3      | Slain by Natasha

Illustrated notes

Levels and vault maps discovered:
D:1:      grunt_arrival_crossed_arrows, layout_basic
D:2:      layout_basic, serial_shops, shop,
          hellmonk_ecumenical_altar_crossroads, chequers_serial_rivers_marsh
D:3:      kennysheep_six_static_rooms, layout_rooms, led_sif_pool,
          vehumet_crystals, uniq_natasha, uniq_sigmund

Skill      XL: |  1  2  3 |
---------------+----------+-----
Fighting       | 1 2 |  2.3
Spellcasting   | 4 |  4.4
Dodging        | |  2.1
Stealth        | |  1.5

Action                   |  1- 3 |  4- 6 || total
-------------------------+-------+-------++-------
Melee: Short sword       |       |     3 ||     3
 Cast: Magic Dart        |    75 |     1 ||    76
       Searing Ray       |     3 |    10 ||    13
  Use: Potion            |       |     5 ||     5
Armor: Robe              |     3 |     4 ||     7
Dodge: Dodged            |     6 |    16 ||    22

Table legend: (Time is in decaauts)
 A = Elapsed time spent in this place.
 B = Non-inter-level travel time spent in this place.
 C = Inter-level travel time spent in this place.
 D = Time resting spent in this place.
 E = Time spent auto-exploring this place.
 F = Levels seen in this place.
 G = Mean time per level.
                   A        B        C        D        E       F      G
               +--------+--------+--------+--------+--------+-----+--------+
         Total |   2940 |   2862 |     78 |      0 |   2621 |   3 |  980.0 |
       Dungeon |   2940 |   2862 |     78 |      0 |   2621 |   3 |  980.0 |
               +--------+--------+--------+--------+--------+-----+--------+

Top non-repeatable levels by time:
     D:1: 1746 daAuts
     D:2: 1072 daAuts
     D:3: 121 daAuts
